 Dungeon Crawl Stone Soup version 0.31-a0-149-g3fdcc5976a (webtiles) character file.

Game seed: 16975118487165340559

76377 hikkokomori the Fighter (level 14, -5/133 HPs)
             Began as a Demigod Gladiator on June 7, 2023.
             Killed from afar by Azrael (32 damage)
             ... with a fireball
             ... on level 1 of the Elven Halls on June 8, 2023.
             The game lasted 01:14:21 (21960 turns).

hikkokomori the Fighter (Demigod Gladiator)        Turns: 21960, Time: 01:14:21

Health: -5/133     AC: 16    Str: 18    XL:     14   Next: 71%
Magic:  27/27      EV: 27    Int: 14    God:
Gold:   393        SH:  5    Dex: 27    Spells: 4/24 levels left

rFire   . . .        a - +4 long sword (spect)
rCold   . . .        (no shield)
rNeg    . . .        L - +3 troll leather armour
rPois   .            c - +0 helmet
rElec   .            Q - +0 cloak
rCorr   .            r - +0 pair of gloves {Str+3}
SInv    .            H - +0 pair of boots
Will    +....        Z - amulet of reflection
Stlth   +++++        x - +5 ring of evasion
HPRegen 1.22/turn    D - +4 ring of protection
MPRegen 0.20/turn

%: reflection
@: on berserk cooldown, slowed, very slow
A: high MP 1, forlorn, divine attributes
a: no special abilities


You were on level 1 of the Elven Halls.
You visited 4 branches of the dungeon, and saw 21 of its levels.
You also visited: Ossuary.

You collected 1841 gold pieces.
You spent 1448 gold pieces at shops.

Inventory:

Hand Weapons
 a - a +4 spectral long sword (weapon)
 o - the +3 spear of Cobwebs {vamp, Int+3}
   (You found it on level 2 of the Dungeon)

   Int:       It affects your intelligence (+3).
 F - a +6 dagger of draining
Missiles
 d - a throwing net
 i - 5 silver boomerangs
 N - 8 curare-tipped darts
 S - 6 javelins
 X - 3 silver javelins (quivered)
Armour
 c - a +0 helmet (worn)
 r - a +0 pair of gloves of strength (worn)
 s - a +2 kite shield
 H - a +0 pair of boots (worn)
 L - a +3 troll leather armour (worn)
 Q - a +0 cloak (worn)
Jewellery
 e - the ring "Avviewn" {Fly Int+3}
   (You found it on level 5 of the Lair of Beasts)

   [ring of flight]

   Int:       It affects your intelligence (+3).
   Fly:       It grants you flight.
 x - a +5 ring of evasion (left hand)
 D - a +4 ring of protection (right hand)
 G - a ring of see invisible
 K - a ring of ice
 M - a ring of wizardry
 Z - an amulet of reflection (around neck)
Wands
 l - a wand of charming (7)
 q - a wand of mindburst (6)
 z - a wand of digging (12)
 B - a wand of flame (6)
 I - a wand of iceblast (1)
 R - a wand of quicksilver (1)
 W - a wand of polymorph (3)
Scrolls
 f - 5 scrolls of immolation
 h - 3 scrolls of blinking
 m - 5 scrolls of teleportation
 t - 2 scrolls of vulnerability
 v - 3 scrolls of silence
 w - 6 scrolls of fear
 y - 2 scrolls of brand weapon
 O - 2 scrolls of poison
 P - 2 scrolls of identify
 U - 2 scrolls of magic mapping
 V - 4 scrolls of fog
Potions
 b - 8 potions of ambrosia
 g - 6 potions of curing
 j - 3 potions of might
 k - 3 potions of heal wounds
 n - 3 potions of cancellation
 p - 3 potions of brilliance
 u - a potion of haste
 A - 2 potions of attraction
 E - 2 potions of resistance
 J - 3 potions of lignification
 T - a potion of enlightenment
 Y - a potion of magic


   Skills:
 - Level 14.5 Fighting
 - Level 9.3(10.6) Short Blades
 - Level 8.0(10.0) Long Blades
 - Level 2.9 Polearms
 - Level 1.7 Throwing
 - Level 4.1 Armour
 - Level 10.6 Dodging
 + Level 9.2 Stealth
 + Level 1.6 Shields
 + Level 5.8 Spellcasting
 - Level 5.1 Conjurations
 - Level 2.0 Transmutations
 + Level 1.3 Fire Magic
 - Level 7.0 Poison Magic
 + Level 6.4 Evocations


You had 4 spell levels left.
You knew the following spells:

 Your Spells              Type           Power      Damage    Failure   Level
a - Summon Forest         Summ/Tloc      2%         N/A       99%         5
b - Magic Dart            Conj           72%        1d6       2%          1
c - Wereblood             Tmut           9%         N/A       12%         2
d - Olgreb's Toxic Radia  Pois           23%        N/A       11%         4
e - Fireball              Conj/Fire      6%         3d5       80%         5
f - Ignite Poison         Fire/Tmut/Pois 13%        N/A       14%         3

Your spell library contained the following spells:

 Spells                   Type           Power      Damage    Failure   Level
 Sting                    Tmut/Pois      64%        1d6       3%          1
 Searing Ray              Conj           36%        2d5       3%          2
 Cigotuvi's Dreadful Rot  Necr/Pois/Air  20%        N/A       11%         2
 Scorch                   Fire           14%        2d5       17%         2
 Sublimation of Blood     Necr           4%         N/A       28%         2
 Flame Wave               Conj/Fire      13%        2d6       45%         4
 Fulminant Prism          Conj/Hex       5%         3d7       54%         4
 Iskenderun's Battlesphe  Conj           18%        2d7       54%         5
 Freezing Cloud           Conj/Ice/Air   4%         6-21      95%         5
 Yara's Violent Unravell  Hex/Tmut       3%         3d4       98%         5
 Borgnjor's Vile Clutch   Necr/Erth      2%         N/A       99%         5
 Summon Mana Viper        Hex/Summ       4%         N/A       99%         5
 Conjure Ball Lightning   Conj/Air       5%         3x3d6     100%        6
 Summon Cactus Giant      Summ           2%         N/A       100%        6
 Orb of Destruction       Conj           9%         9d6       100%        7
 Summon Hydra             Summ           2%         N/A       100%        7
 Borgnjor's Revivificati  Necr           2%         N/A       100%        8
 Discord                  Hex            2%         N/A       100%        8
 Disjunction              Tloc           2%         N/A       100%        8
 Ignition                 Fire           3%         3d4       100%        8
 Necromutation            Tmut/Necr      3%         N/A       100%        8
 Death's Door             Necr           2%         N/A       100%        9


Dungeon Overview and Level Annotations

Branches:
Dungeon (13/15)            Temple (0/1) D:7            Lair (5/5) D:9
 Shoals (0/4) Lair:2       Spider (0/4) Lair:3        Slime (0/5) Lair:5
    Orc (2/2) D:12            Elf (1/3) Orc:2        Vaults (0/5) D:13
Ossuary (visited)

Shops:
D:3 *!!   D:8 [   D:12 [   Orc:2 ([*=[   Elf:1 :

Annotations:
D:8 3 runed translucent doors, 4 transporters, Pimp's ghost, novice GrEE
D:10 3 transporters
Lair:1 exclusion: oklob plant
Elf:1 Azrael


Innate Abilities, Weirdness & Mutations

You have an increased reservoir of magic. (+10% MP)
You shall have no god before yourself.
Your divine heritage dramatically boosts your attributes as you level up.


Message History

You feel a strong urge to attack something.
You feel your anger nearly subside.
You are no longer berserk.
You are exhausted.
You feel yourself slow down. The fire elemental hits you.
The fire elemental burns you! The fire elemental misses you.
The fire elemental completely misses you.
There is an open door here.
You are confused.
You feel invigorated.
The fire elemental completely misses you.
The fire elemental misses you.
The fire elemental completely misses you. x2
The fire elemental misses you.
The fire elemental completely misses you.
The fire elemental barely misses you. The fire elemental closely misses you.
You feel less invigorated.
You feel less confused. The fire elemental misses you. Azrael gestures at you.
The bolt of fire hits the fire elemental.
The fire elemental completely resists.
The bolt of fire hits you!!
The fire elemental completely misses you.
You hit the fire elemental.
The fire elemental is lightly damaged.
The fire elemental completely misses you.
Azrael gestures at you.
The fireball explodes!
The fireball engulfs the fire elemental.
The fire elemental completely resists.
The fireball engulfs Azrael.
Azrael completely resists.
The fireball engulfs you!!
* * * LOW HITPOINT WARNING * * *
The fire elemental barely misses you. Azrael gestures at you.
The fireball explodes!
The fireball engulfs the fire elemental.
The fire elemental completely resists.
The fireball engulfs Azrael.
Azrael completely resists.
The fireball engulfs you!!
You die...

#..#######'.... ###.###
##..... ##+.....###
#...... #.........#
#......
#.........###......
#.........'.+.....)
#.........###......
#.........# ##.....
##@....>### ##....
#########+#####E###.###
#+...
...........☼##R#######
####
#####..○°R°.......# #..
○°○☼°......######.#
.... ######.....# #
..... #♣...#.....#
..... ##...##...## ....
§# §§♣##.## ....


You could see Azrael and a fire elemental.

Vanquished Creatures
  Kirke (Lair:5)
  2 orc warlords (Orc:2)
  Erolcha (Orc:2)
  3 hydras
  2 centaur warriors
  A catoblepas (Lair:4)
  3 two-headed ogres
  3 dancing weapons
  A death yak (Lair:4)
  2 boulder beetles
  A shock serpent (Orc:2)
  3 spriggan berserkers (Elf:1)
  An orc high priest (Orc:2)
  Sonja (Orc:2)
  A skyshark (Lair:3)
  3 skeletal warriors
  3 deep elf archers (Elf:1)
  3 orc knights (Orc:2)
  6 deep elf pyromancers
  A deep elf zephyrmancer (Elf:1)
  A wolf spider (Lair:5)
  7 orc sorcerers (Orc:2)
  2 ugly things (D:12)
  3 elephants
  3 cyclopes
  2 merfolk sirens (Lair:2)
  A guardian serpent (Lair:5)
  5 black mambas
  2 unseen horrors
  Psyche (D:8)
  6 rime drakes
  18 cane toads
  8 komodo dragons
  A queen bee (D:12)
  A merfolk (Lair:2)
  3 polar bears
  6 trolls
  3 meliai (D:12)
  4 hornets
  16 blink frogs
  6 dream sheep (Lair:5)
  6 slime creatures
  2 jumping spiders (Lair:3)
  A culicivora (shapeshifter) (Elf:1)
  19 wyverns
  8 basilisks
  59 yaks
  2 fire elementals (Elf:1)
  3 hogs (Lair:5)
  3 redbacks (Lair:5)
  4 vampire mosquitoes (D:11)
  A steam dragon (D:8)
  2 wargs
  An acid dragon (D:11)
  23 water moccasins
  2 hell hounds
  26 orc warriors
  2 sky beasts (D:7)
  An ice beast (D:7)
  6 ogres
  9 centaurs
  12 wolves
  A phantom (D:6)
  An elf zombie (Ossuary)
  11 bullfrogs
  3 kobold brigands
  A gnoll sergeant (D:7)
  A scorpion (D:3)
  23 killer bees (D:12)
  2 electric eels (D:9)
  2 howler monkeys (D:9)
  A human zombie (Ossuary)
  6 jellies
  15 orc priests
  8 hounds
  3 iguanas
  23 orc wizards
  2 sleepcaps
  9 hell rats
  3 mummies (Ossuary)
  5 gnolls (D:7)
  5 adders
  5 river rats (Lair:2)
  A white imp (D:5)
  3 ufetubi
  2 adder zombies (Ossuary)
  6 dart slugs
  64 orcs
  7 endoplasms
  6 giant cockroaches
  8 goblins
  3 hobgoblins
  9 jackals
  2 quokkas (D:1)
  5 ball pythons
  3 bats
  2 frilled lizards
  4 goblin zombies (Ossuary)
  A hobgoblin zombie (Ossuary)
  20 kobolds
  A kobold zombie (Ossuary)
  An orc zombie (Ossuary)
  5 quokka zombies (Ossuary)
  12 rats
  2 rat zombies (Ossuary)
630 creatures vanquished.

Vanquished Creatures (collateral kills)
  A merfolk (Lair:2)
  A gnoll sergeant (D:8)
  5 gnolls (D:8)
7 creatures vanquished.

Vanquished Creatures (others)
  A yak (Lair:2)
  2 orc wizards
  A fire vortex (Lair:4)
  3 spectral weapons
7 creatures vanquished.

Grand Total: 644 creatures vanquished

Notes
Turn   | Place    | Note
-------+----------+-------------------------------------------
     0 | D:1      | hikkokomori the Demigod Gladiator began the quest for the
                  | Orb.
     0 | D:1      | Reached XP level 1. HP: 17/17 MP: 3/3
   168 | D:1      | Reached skill level 2 in Fighting
   183 | D:1      | Reached XP level 2. HP: 9/24 MP: 4/4
   285 | D:1      | Reached skill level 1 in Stealth
  1210 | D:2      | Identified the +3 spear of Cobwebs {vamp, Int+3}
  1237 | D:2      | Reached XP level 3. HP: 30/30 MP: 5/5
  1914 | D:3      | Noticed a scorpion
  1923 | D:3      | Found Cepinlem's Distillery.
  1944 | D:3      | Killed a scorpion
  1945 | D:3      | Reached XP level 4. HP: 27/37 MP: 6/6
  1951 | D:3      | Bought a potion of curing for 39 gold pieces
  2007 | D:3      | Reached skill level 3 in Fighting
  2412 | D:3      | Found Hitse's Distillery.
  2493 | D:3      | Found Gydohoes's Assorted Antiques.
  2505 | D:3      | Reached XP level 5. HP: 31/45 MP: 7/7
  3367 | D:4      | Noticed an ogre
  3435 | D:3      | Bought a potion of curing for 42 gold pieces
  3435 | D:3      | Bought a potion of heal wounds for 70 gold pieces
  3533 | D:4      | Killed an ogre
  3534 | D:4      | Reached skill level 1 in Evocations
  3534 | D:4      | Reached XP level 6. HP: 30/51 MP: 8/8
  3843 | D:5      | Entered Level 5 of the Dungeon
  3849 | D:5      | Reached skill level 6 in Fighting
  3849 | D:5      | Reached skill level 5 in Evocations
  3849 | D:5      | Reached XP level 7. HP: 63/63 MP: 9/9
  4052 | D:5      | Noticed a shadow
  4623 | D:6      | Reached XP level 8. HP: 69/69 MP: 10/10
  4718 | D:6      | Reached skill level 1 in Polearms
  5361 | D:7      | Found a staircase to the Ecumenical Temple.
  6254 | D:8      | Noticed Psyche
  6258 | D:8      | Reached XP level 9. HP: 78/78 MP: 11/11
  6270 | D:8      | Killed Psyche
  6285 | D:8      | Learned a level 5 spell: Summon Forest
  6361 | D:8      | Noticed a two-headed ogre
  6364 | D:8      | Killed a two-headed ogre
  6365 | D:8      | Reached skill level 7 in Fighting
  6681 | D:8      | Noticed a two-headed ogre
  6683 | D:8      | Found a runed translucent gate.
  6684 | D:8      | Found a runed translucent gate.
  6684 | D:8      | Found a runed translucent gate.
  6710 | D:8      | Killed a two-headed ogre
  6711 | D:8      | Reached skill level 1 in Short Blades
  6776 | D:8      | Found a sand-covered staircase.
  6786 | Ossuary  | Entered an ossuary
  7080 | D:8      | Found Itruismi's Armour Shop.
  7134 | D:8      | Noticed Pimp's ghost (novice GrEE)
  7134 | D:8      | Noticed a centaur warrior
  7199 | D:8      | Found a transporter.
  7217 | D:8      | Noticed a centaur warrior
  7232 | D:8      | Killed an unseen horror
  7233 | D:8      | Reached XP level 10. HP: 73/86 MP: 13/13
  7263 | D:8      | Killed a centaur warrior
  7286 | D:8      | Found a transporter.
  7490 | D:8      | Found a transporter.
  7556 | D:8      | Found a transporter.
  7887 | D:9      | Noticed a two-headed ogre
  7908 | D:9      | Killed a two-headed ogre
  8121 | D:9      | Reached skill level 8 in Fighting
  8536 | D:9      | Found a staircase to the Lair.
  8696 | D:9      | Learned a level 1 spell: Magic Dart
  8729 | Lair:1   | Entered Level 1 of the Lair of Beasts
  8830 | Lair:1   | Noticed an oklob plant
  9507 | Lair:1   | Reached skill level 1 in Conjurations
  9576 | Lair:1   | Reached skill level 1 in Spellcasting
  9576 | Lair:1   | Reached XP level 11. HP: 95/95 MP: 15/15
  9648 | Lair:1   | Reached skill level 9 in Fighting
 10710 | Lair:2   | Reached skill level 5 in Short Blades
 10720 | Lair:2   | Reached skill level 10 in Fighting
 10783 | Lair:2   | Found a staircase to the Shoals.
 10970 | Lair:2   | Identified the +1 robe of Grace {Rampage Archmagi}
 11668 | Lair:3   | Noticed a skyshark
 11757 | Lair:3   | Noticed a skyshark
 11779 | Lair:3   | Killed a skyshark
 11892 | Lair:3   | Found a hole to the Spider Nest.
 11954 | Lair:3   | Learned a level 2 spell: Wereblood
 12024 | Lair:3   | Noticed a four-headed hydra
 12047 | Lair:3   | Killed a four-headed hydra
 12048 | Lair:3   | Reached XP level 12. HP: 89/108 MP: 21/21
 12281 | Lair:3   | Reached skill level 11 in Fighting
 12849 | Lair:3   | Reached skill level 5 in Conjurations
 12943 | D:10     | Entered Level 10 of the Dungeon
 13457 | D:10     | Found a transporter.
 13466 | D:10     | Found a transporter.
 13483 | D:10     | Found a transporter.
 13745 | D:10     | Found a transporter.
 13754 | D:10     | Got the Handbook of the Horrible Body
 13773 | D:10     | Learned a level 4 spell: Olgreb's Toxic Radiance
 14023 | D:11     | Reached skill level 1 in Poison Magic
 15042 | Lair:4   | Reached skill level 12 in Fighting
 15351 | Lair:4   | Noticed a boulder beetle
 15395 | Lair:4   | Killed a boulder beetle
 15440 | Lair:4   | Noticed a catoblepas
 15513 | Lair:4   | Killed a catoblepas
 15817 | Lair:4   | Reached XP level 13. HP: 119/119 MP: 23/23
 15955 | Lair:5   | Entered Level 5 of the Lair of Beasts
 16347 | Lair:5   | Identified the ring "Avviewn" {Fly Int+3}
 16412 | Lair:5   | Reached skill level 13 in Fighting
 16535 | Lair:5   | Paralysed by a hornet for 3 turns
 16895 | Lair:5   | Reached skill level 5 in Poison Magic
 17029 | Lair:5   | Found a staircase to the Slime Pits.
 17275 | Lair:5   | Reached skill level 14 in Fighting
 17381 | Lair:5   | Noticed Kirke
 18028 | Lair:5   | Killed Kirke
 18816 | D:12     | Reached skill level 1 in Armour
 18952 | D:12     | Found a staircase to the Orcish Mines.
 19010 | D:12     | Found Zuarod's Antique Armour Boutique.
 19195 | D:12     | Reached skill level 10 in Dodging
 19195 | D:12     | Reached skill level 5 in Spellcasting
 19469 | D:13     | Reached XP level 14. HP: 131/133 MP: 25/25
 19504 | D:13     | Found a gate to the Vaults.
 19859 | D:12     | Upgraded the game from 0.31-a0-145-g046c7d2549 to
                  | 0.31-a0-149-g3fdcc5976a
 20008 | Orc:1    | Entered Level 1 of the Orcish Mines
 20245 | Orc:2    | Entered Level 2 of the Orcish Mines
 20291 | Orc:2    | Noticed an orc warlord
 20427 | Orc:2    | Killed an orc warlord
 20428 | Orc:2    | Reached skill level 1 in Transmutations
 20551 | Orc:2    | Noticed Urug
 20569 | Orc:2    | Urug changed into Urug the shock serpent
 20569 | Orc:2    | Noticed Urug
 20663 | Orc:2    | Killed Urug the shock serpent
 20768 | Orc:2    | Noticed an orc warlord
 20975 | Orc:2    | Killed an orc warlord
 21077 | Orc:2    | Found Laesips's Jewellery Shoppe.
 21093 | Orc:2    | Found Heipoad's General Store.
 21117 | Orc:2    | Found a staircase to the Elven Halls.
 21262 | Orc:2    | Found Puhoachu's Antique Armour Shoppe.
 21276 | Orc:2    | Noticed Sonja
 21299 | Orc:2    | Killed Sonja
 21412 | Orc:2    | Noticed Erolcha
 21417 | Orc:2    | Killed Erolcha
 21531 | Orc:2    | Found Enwimyupt's Antique Armour Shoppe.
 21608 | Orc:2    | Found Ynafimill's Antique Weapon Shoppe.
 21650 | Orc:2    | Bought a glimmering leather armour for 189 gold pieces
 21650 | Orc:2    | Identified the +4 leather armour of Ruffoato {Regen+} (You
                  | bought it in a shop on level 2 of the Orcish Mines)
 21650 | Orc:2    | Bought a runed kite shield for 202 gold pieces
 21650 | Orc:2    | Bought a steaming leather armour for 189 gold pieces
 21650 | Orc:2    | Identified the +1 leather armour of Freezing Knowledge
                  | {Stlth+} (You bought it in a shop on level 2 of the Orcish
                  | Mines)
 21650 | Orc:2    | Bought a pair of glowing gloves for 202 gold pieces
 21672 | Orc:2    | Learned a level 5 spell: Fireball
 21688 | Orc:2    | Bought a ring of see invisible for 255 gold pieces
 21705 | Elf:1    | Entered Level 1 of the Elven Halls
 21748 | Elf:1    | Found Xagoxigu's Book Shoppe.
 21843 | Elf:1    | Bought a Trismegistus Codex for 260 gold pieces
 21847 | Elf:1    | Learned a level 3 spell: Ignite Poison
 21921 | Elf:1    | Reached skill level 1 in Shields
 21926 | Elf:1    | Noticed Azrael
 21930 | Elf:1    | Reached skill level 1 in Fire Magic
 21960 | Elf:1    | Killed from afar by Azrael

Illustrated notes

Levels and vault maps discovered:
D:1:      onia_arrival_mini_spirals, layout_basic, nrook_mini_backslash,
          minmay_pentomino_q2
D:2:      layout_loops_ring
D:3:      wad_lake_hut, layout_loops_ring, serial_shops, shop, shop, shop
D:4:      layout_rooms, nicolae_ru_awakened_eye, nrook_loot_triangle,
          minmay_bisected
D:5:      minmay_skewed_foursquare, layout_basic, portal_sewer_entry_b
D:6:      layout_basic
D:7:      layout_loops_corners, lightli_temple_of_fire,
          minmay_temple_entry_wispy, kennysheep_generic_room_10
D:8:      minmay_diamond_stairs, layout_basic, gammafunk_temple_overflow_pools,
          lightli_ossuary_entry_decrepit_ruins, serial_shops,
          kennysheep_little_box, gammafunk_ghost_split,
          nicolae_diode_intersection, uniq_psyche
D:9:      layout_stronghold, erik_lair_island
D:10:     layout_basic, nicolae_transporter_intersection
D:11:     layout_cave_pods, elyvilon_altar_3
D:12:     layout_roguey [special_room_bee], orc_0_dummy, serial_shops,
          nicolae_shop_behind_doors
D:13:     layout_roguey, erik_vaults_1, special_room [special_room_orc],
          kennysheep_treasure_room
Lair:1:   minmay_lair_oklob_chamber, layout_layer_cave, grunt_megastairs_4
Lair:2:   layout_cave_pods, elwin_shoals_entry_stream, serial_rivers,
          chequers_serial_rivers_room_b, chequers_serial_rivers_room_b,
          chequers_serial_rivers_room_b, chequers_serial_rivers_room_a,
          chequers_serial_rivers_micro_b, kennysheep_abandoned_house,
          grunt_megastairs_3
Lair:3:   layout_roguey [special_room_mythical_zoo], spider_nest_entry_a,
          minivault_24
Lair:4:   layout_gridlike, chequers_serial_rivers_micro_e,
          nicolae_lair_yak_garden
Lair:5:   hangedman_lair_tendril_chambers, layout_regular_city,
          minmay_slime_entry_pillars, st_stairs_4, lemuel_centaur_altar,
          serial_bayou_shore_b, uniq_kirke
Orc:1:    layout_diamond_mine
Orc:2:    grunt_orc_cross, layout_caves, serial_shops, shop,
          minmay_orc_barracks, uniq_sonja, uniq_erolcha
Elf:1:    layout_geoelf_octagon, serial_shops, nicolae_square_shop,
          evilmike_minifort, evilmike_spriggan_trog_shrine, uniq_azrael

Skill      XL: |  1  2  3  4  5  6  7  8  9 10 11 12 13 14 |
---------------+-------------------------------------------+-----
Fighting       | 2 3 6 7 8 10 12 14 | 14.5
Stealth        | 1 2 3 6 7 8 9 |  9.2
Long Blades    | 3 4 6 7 8 |  8.0
Dodging        | 3 6 7 8 9 10 | 10.6
Evocations     | 1 5 6 |  6.4
Polearms       | 2 |  2.9
Short Blades   | 2 3 5 7 9 |  9.3
Conjurations   | 1 4 5 |  5.1
Spellcasting   | 1 3 4 5 |  5.8
Poison Magic   | 3 6 7 |  7.0
Armour         | 1 4 |  4.1
Transmutations | 2 |  2.0
Shields        | 1 |  1.6
Fire Magic     | 1 |  1.3
Throwing       | |  1.7

Action                     |  1- 3 |  4- 6 |  7- 9 | 10-12 | 13-15 || total
---------------------------+-------+-------+-------+-------+-------++-------
  Melee: Long sword        |    78 |       |       |       |   200 ||   278
         Spear             |    65 |   108 |   203 |     3 |       ||   379
         Punch             |     2 |     1 |    14 |    40 |    27 ||    84
         Dagger            |       |       |   242 |  1968 |  1404 ||  3614
  Throw: Boomerang         |       |     4 |       |       |       ||     4
         Throwing net      |       |       |       |     2 |     1 ||     3
         Javelin           |       |       |       |     1 |     1 ||     2
   Cast: Olgreb's Toxic Ra |       |       |       |       |    37 ||    37
         Wereblood         |       |       |       |       |     9 ||     9
  Evoke: Wand              |       |       |    12 |    13 |    19 ||    44
    Use: Scroll            |       |     5 |    13 |    12 |    10 ||    40
         Potion            |       |     1 |     3 |       |     5 ||     9
   Stab: Sleeping          |     3 |     7 |    15 |    14 |     8 ||    47
         Distracted        |       |       |     1 |     1 |     6 ||     8
         Held in net/web   |       |       |       |     1 |       ||     1
 Armour: Leather armour    |    49 |    17 |    61 |       |       ||   127
         Troll leather arm |       |       |    36 |   343 |   239 ||   618
  Dodge: Dodged            |   107 |    60 |   413 |  2065 |  1587 ||  4232
  Block: Other             |       |       |       |       |   157 ||   157
         Reflection        |       |       |       |       |     9 ||     9

Table legend: (Time is in decaauts)
 A = Elapsed time spent in this place.
 B = Non-inter-level travel time spent in this place.
 C = Inter-level travel time spent in this place.
 D = Time resting spent in this place.
 E = Time spent auto-exploring this place.
 F = Levels seen in this place.
 G = Mean time per level.
                   A        B        C        D        E       F      G
               +--------+--------+--------+--------+--------+-----+--------+
         Total |  20698 |  19611 |   1087 |   1092 |  12369 |  22 |  940.8 |
       Dungeon |  11632 |  10930 |    702 |    522 |   7746 |  13 |  894.8 |
          Lair |   6878 |   6541 |    337 |    153 |   3766 |   5 | 1375.6 |
  Orcish Mines |   1672 |   1625 |     47 |    316 |    707 |   2 |  836.0 |
   Elven Halls |    252 |    252 |      0 |      0 |    149 |   1 |  252.0 |
       Ossuary |    262 |    262 |      0 |    100 |      0 |   1 |  262.0 |
               +--------+--------+--------+--------+--------+-----+--------+

Top non-repeatable levels by time:
  Lair:5: 1925 daAuts
  Lair:2: 1432 daAuts
  Lair:1: 1424 daAuts
     D:7: 1336 daAuts
     D:3: 1219 daAuts
     D:1: 1184 daAuts
  Lair:3: 1135 daAuts
   Orc:2: 1083 daAuts
     D:8: 1026 daAuts
     D:6: 990 daAuts
  Lair:4: 960 daAuts
     D:9: 954 daAuts
    D:10: 931 daAuts
    D:11: 927 daAuts
    D:12: 792 daAuts
